Dernière mise à jour: 2025-12-07 16:11:59
% Time on Ice - EDMONTON ICE
Lines # - Real PCT - Wanted PCT - Time Play
Normal Forward
1 - 39% - 38% - 20:01
2 - 30% - 33% - 15:35
3 - 25% - 24% - 12:32
4 - 6% - 5% - 3:00
Normal Defense
1 - 39% - 36% - 20:00
2 - 27% - 32% - 13:34
3 - 25% - 23% - 12:33
4 - 10% - 9% - 5:01
PP Forward
1 - 52% - 58% - 3:07
2 - 48% - 42% - 2:50
PP Defense
1 - 51% - 58% - 3:02
2 - 49% - 42% - 2:55
PK Forward
1 - 47% - 55% - 1:22
2 - 53% - 45% - 1:33
PK Defense
1 - 51% - 55% - 1:29
2 - 49% - 45% - 1:26
PK3 Forward
1 - 0% - 55%
2 - 0% - 45%
PK3 Defense
1 - 0% - 55%
2 - 0% - 45%
44 Forward
1 - 0% - 55%
2 - 0% - 45%
44 Defense
1 - 0% - 55%
2 - 0% - 45%
Last Minute Offensive  - 0:00
Last Minute Defensive  - 0:00
Total
Forward - 60:00
Defense - 60:00
% Time on Ice - ANCHORAGE ACES
Lines # - Real PCT - Wanted PCT - Time Play
Normal Forward
1 - 34% - 35% - 17:28
2 - 36% - 35% - 18:17
3 - 27% - 23% - 13:34
4 - 4% - 7% - 1:49
Normal Defense
1 - 33% - 35% - 16:43
2 - 33% - 35% - 16:57
3 - 29% - 25% - 14:46
4 - 5% - 5% - 2:42
PP Forward
1 - 63% - 55% - 1:50
2 - 37% - 45% - 1:05
PP Defense
1 - 75% - 55% - 2:11
2 - 25% - 45% - 0:44
PK Forward
1 - 62% - 55% - 3:41
2 - 38% - 45% - 2:16
PK Defense
1 - 69% - 55% - 4:08
2 - 31% - 45% - 1:49
PK3 Forward
1 - 0% - 55%
2 - 0% - 45%
PK3 Defense
1 - 0% - 55%
2 - 0% - 45%
44 Forward
1 - 0% - 55%
2 - 0% - 45%
44 Defense
1 - 0% - 55%
2 - 0% - 45%
Last Minute Offensive  - 0:00
Last Minute Defensive  - 0:00
Total
Forward - 60:00
Defense - 60:00
Play-by-Play 1st period 0:01 of 1st period - Phillip Danault wins face-off versus Jack Eichel in neutral zone. 0:21 of 1st period - Alex Tuch is hit by Carson Soucy and loses puck. 0:24 of 1st period - Shot by Jack Eichel. 0:24 of 1st period - Shot Blocked by Ryan Pulock. 0:26 of 1st period - Shot by Jack Eichel. 0:26 of 1st period - Shot Misses the Net. 0:28 of 1st period - Shot by Timo Meier. 0:28 of 1st period - Stopped by Darcy Kuemper without a rebound. 0:29 of 1st period - Alexander DeBrincat wins face-off versus Thomas Novak in ANCHORAGE ACES zone. 0:39 of 1st period - Shot by Alexander DeBrincat. 0:39 of 1st period - Deflect By Yegor Sharangovich. 0:39 of 1st period - Stopped by Vitek Vanecek without a rebound. 0:40 of 1st period - Anton Lundell wins face-off versus Eetu Luostarinen in EDMONTON ICE zone. 0:56 of 1st period - Nino Niederreiter is hit by Robert Bortuzzo and loses puck. 1:10 of 1st period - Shot by Scott Laughton. 1:10 of 1st period - Goal by Scott Laughton - EDMONTON ICE : 1 - ANCHORAGE ACES : 0. 1:11 of 1st period - Thomas Novak wins face-off versus Erik Haula in neutral zone. 1:18 of 1st period - Shot by Thomas Novak. 1:18 of 1st period - Shot Misses the Net. 1:20 of 1st period - Shot by Darnell Nurse. 1:20 of 1st period - Shot Blocked by Sebastien Aho. 1:22 of 1st period - Shot by Darnell Nurse. 1:22 of 1st period - Stopped by Darcy Kuemper with a rebound. 1:36 of 1st period - Yegor Sharangovich is hit by Eeli Tolvanen and loses puck. 1:41 of 1st period - Shot by Thomas Novak. 1:41 of 1st period - Stopped by Darcy Kuemper with a rebound. 1:50 of 1st period - Eeli Tolvanen is hit by Jakob Chychrun and loses puck. 2:11 of 1st period - Shot by Michael Matheson. 2:11 of 1st period - Shot Blocked by Jakob Chychrun. 2:13 of 1st period - Shot by Timo Meier. 2:13 of 1st period - Deflect By Alex Tuch. 2:13 of 1st period - Stopped by Darcy Kuemper without a rebound. 2:14 of 1st period - Anton Lundell wins face-off versus Nathan MacKinnon in ANCHORAGE ACES zone. 2:39 of 1st period - Ryan Pulock is hit by Tanner Jeannot and loses puck. 3:30 of 1st period - Shot by Timo Meier. 3:30 of 1st period - Shot Blocked by Carson Soucy. 4:18 of 1st period - Shot by Eeli Tolvanen. 4:18 of 1st period - Stopped by Darcy Kuemper without a rebound. 4:19 of 1st period - Anton Lundell wins face-off versus Erik Haula in ANCHORAGE ACES zone. 4:20 of 1st period - Shot by Scott Laughton. 4:20 of 1st period - Shot Misses the Net. 4:22 of 1st period - Shot by Nino Niederreiter. 4:22 of 1st period - Shot Misses the Net. 4:39 of 1st period - Shot by Nino Niederreiter. 4:39 of 1st period - Deflect By Scott Laughton. 4:39 of 1st period - Stopped by Darcy Kuemper without a rebound. 4:40 of 1st period - Eetu Luostarinen wins face-off versus Thomas Novak in ANCHORAGE ACES zone. 5:16 of 1st period - Off-side. 5:17 of 1st period - Erik Haula wins face-off versus Anton Lundell in neutral zone. 5:24 of 1st period - Shot by Alexander DeBrincat. 5:24 of 1st period - Shot Misses the Net. 5:26 of 1st period - Shot by Alexander DeBrincat. 5:26 of 1st period - Goal by Alexander DeBrincat - EDMONTON ICE : 1 - ANCHORAGE ACES : 1. 5:27 of 1st period - Erik Haula wins face-off versus Alex Tuch in neutral zone. 6:54 of 1st period - Shot by Anton Lundell. 6:54 of 1st period - Stopped by Darcy Kuemper with a rebound. 7:05 of 1st period - Minor Penalty to Scott Laughton for Slashing. 7:06 of 1st period - Anton Lundell wins face-off versus Nathan MacKinnon in EDMONTON ICE zone. 8:14 of 1st period - Colin Blackwell is hit by Zach Whitecloud and loses puck. 8:17 of 1st period - Shot by Eetu Luostarinen. 8:17 of 1st period - Stopped by Vitek Vanecek without a rebound. 8:18 of 1st period - Anton Lundell wins face-off versus Alexander DeBrincat in EDMONTON ICE zone. 8:39 of 1st period - Shot by Jakob Chychrun. 8:39 of 1st period - Shot Misses the Net. 9:25 of 1st period - Thomas Novak is hit by David Gust and loses puck. 10:33 of 1st period - Shot by Timo Meier. 10:33 of 1st period - Stopped by Darcy Kuemper without a rebound. 10:34 of 1st period - Eetu Luostarinen wins face-off versus Scott Laughton in ANCHORAGE ACES zone. 10:34 of 1st period - Eetu Luostarinen is hit by Scott Laughton. 10:39 of 1st period - Colin Blackwell is hit by Connor Clifton and loses puck. 10:40 of 1st period - Colin Blackwell from ANCHORAGE ACES is injured at 10:40 of 1st period (Sprained Right Ankle). 10:41 of 1st period - Eetu Luostarinen wins face-off versus Anton Lundell in EDMONTON ICE zone. 11:04 of 1st period - Shot by Nino Niederreiter. 11:04 of 1st period - Stopped by Darcy Kuemper with a rebound. 11:23 of 1st period - Alexander DeBrincat is hit by Zach Whitecloud and loses puck. 12:49 of 1st period - Alexander DeBrincat is hit by Darnell Nurse and loses puck. 12:58 of 1st period - Erik Haula is hit by Darnell Nurse and loses puck. 14:29 of 1st period - Shot by Eeli Tolvanen. 14:29 of 1st period - Deflect By Nino Niederreiter. 14:29 of 1st period - Stopped by Darcy Kuemper without a rebound. 14:30 of 1st period - Jack Eichel wins face-off versus Nathan MacKinnon in ANCHORAGE ACES zone. 14:39 of 1st period - Shot by Alex Tuch. 14:39 of 1st period - Deflect By Jack Eichel. 14:39 of 1st period - Stopped by Darcy Kuemper without a rebound. 14:40 of 1st period - Eetu Luostarinen wins face-off versus Jack Eichel in ANCHORAGE ACES zone. 15:08 of 1st period - Shot by Sheldon Dries. 15:08 of 1st period - Stopped by Vitek Vanecek without a rebound. 15:09 of 1st period - David Perron wins face-off versus Thomas Novak in EDMONTON ICE zone. 15:22 of 1st period - Shot by Nathan MacKinnon. 15:22 of 1st period - Shot Misses the Net. 15:24 of 1st period - Shot by Nathan MacKinnon. 15:24 of 1st period - Stopped by Vitek Vanecek without a rebound. 15:25 of 1st period - Eetu Luostarinen wins face-off versus Jack Eichel in EDMONTON ICE zone. 15:25 of 1st period - Jakob Chychrun is hit by Darnell Nurse and loses puck. 15:34 of 1st period - Shot by Alex Tuch. 15:34 of 1st period - Stopped by Darcy Kuemper without a rebound. 15:35 of 1st period - Nathan MacKinnon wins face-off versus Thomas Novak in ANCHORAGE ACES zone. 16:06 of 1st period - Shot by Eeli Tolvanen. 16:06 of 1st period - Shot Blocked by Sebastien Aho. 16:18 of 1st period - Shot by Nathan MacKinnon. 16:18 of 1st period - Shot Misses the Net. 16:42 of 1st period - Shot by Jack Eichel. 16:42 of 1st period - Shot Misses the Net. 16:44 of 1st period - Shot by Darnell Nurse. 16:44 of 1st period - Shot Misses the Net. 16:54 of 1st period - Shot by Alex Tuch. 16:54 of 1st period - Shot Misses the Net. 16:56 of 1st period - Shot by Alex Tuch. 16:56 of 1st period - Deflect By Timo Meier. 16:56 of 1st period - Shot Misses the Net. 16:58 of 1st period - Shot by Darnell Nurse. 16:58 of 1st period - Stopped by Darcy Kuemper without a rebound. 16:59 of 1st period - Anton Lundell wins face-off versus Yegor Sharangovich in ANCHORAGE ACES zone. 16:59 of 1st period - Anton Lundell is hit by Carson Soucy. 17:24 of 1st period - Minor Penalty to Ryan Pulock for Checking from behind. 17:25 of 1st period - Jack Eichel wins face-off versus Eetu Luostarinen in ANCHORAGE ACES zone. 18:25 of 1st period - Eetu Luostarinen is hit by Eeli Tolvanen and loses puck. 18:50 of 1st period - Shot by Darnell Nurse. 18:50 of 1st period - Shot Misses the Net. 18:52 of 1st period - Shot by Jordan Spence. 18:52 of 1st period - Shot Blocked by Nathan MacKinnon. 18:54 of 1st period - Shot by Thomas Novak. 18:54 of 1st period - Shot Misses the Net. 18:56 of 1st period - Shot by Darnell Nurse. 18:56 of 1st period - Shot Hit the Post. 19:36 of 1st period - Icing by Ryan Pulock. 19:37 of 1st period - Anton Lundell wins face-off versus Sam Carrick in ANCHORAGE ACES zone. 19:37 of 1st period - Minor Penalty to Ryan Pulock for Hooking. 19:38 of 1st period - Nathan MacKinnon wins face-off versus Thomas Novak in ANCHORAGE ACES zone. Goals for this period are 1 for EDMONTON ICE vs 1 for ANCHORAGE ACES. Shots for this period are 14 for EDMONTON ICE vs 5 for ANCHORAGE ACES. 2nd period 0:01 of 2nd period - Jack Eichel wins face-off versus Nathan MacKinnon in neutral zone. 0:15 of 2nd period - Shot by Michael Matheson. 0:15 of 2nd period - Shot Misses the Net. 0:45 of 2nd period - Shot by Alex Tuch. 0:45 of 2nd period - Stopped by Darcy Kuemper without a rebound. 0:46 of 2nd period - Nathan MacKinnon wins face-off versus Thomas Novak in ANCHORAGE ACES zone. 1:37 of 2nd period - Shot by Alex Tuch. 1:37 of 2nd period - Shot Misses the Net. 2:03 of 2nd period - Shot by Alexander DeBrincat. 2:03 of 2nd period - Shot Misses the Net. 2:05 of 2nd period - Shot by Yegor Sharangovich. 2:05 of 2nd period - Stopped by Vitek Vanecek without a rebound. 2:06 of 2nd period - Jack Eichel wins face-off versus David Gust in EDMONTON ICE zone. 2:06 of 2nd period - Alex Tuch is hit by Eetu Luostarinen and loses puck. 2:34 of 2nd period - Icing by Jakob Chychrun. 2:35 of 2nd period - Eetu Luostarinen wins face-off versus Anton Lundell in ANCHORAGE ACES zone. 2:53 of 2nd period - Icing by Jarred Tinordi. 2:54 of 2nd period - Nathan MacKinnon wins face-off versus Anton Lundell in EDMONTON ICE zone. 2:59 of 2nd period - Shot by Phillip Danault. 2:59 of 2nd period - Shot Misses the Net. 3:01 of 2nd period - Shot by Nathan MacKinnon. 3:01 of 2nd period - Stopped by Vitek Vanecek with a rebound. 3:15 of 2nd period - Shot by Phillip Danault. 3:15 of 2nd period - Shot Misses the Net. 3:17 of 2nd period - Shot by Carson Soucy. 3:17 of 2nd period - Shot Misses the Net. 3:19 of 2nd period - Shot by David Perron. 3:19 of 2nd period - Shot Misses the Net. 3:21 of 2nd period - Shot by David Perron. 3:21 of 2nd period - Shot Blocked by Darnell Nurse. 3:23 of 2nd period - Shot by Nathan MacKinnon. 3:23 of 2nd period - Stopped by Vitek Vanecek with a rebound. 3:25 of 2nd period - Shot by Nathan MacKinnon. 3:25 of 2nd period - Stopped by Vitek Vanecek without a rebound. 3:26 of 2nd period - Erik Haula wins face-off versus Jack Eichel in EDMONTON ICE zone. 3:52 of 2nd period - Off-side. 3:53 of 2nd period - Nathan MacKinnon wins face-off versus Thomas Novak in neutral zone. 4:46 of 2nd period - Off-side. 4:47 of 2nd period - Erik Haula wins face-off versus Jack Eichel in neutral zone. 4:58 of 2nd period - Shot by Yegor Sharangovich. 4:58 of 2nd period - Shot Blocked by Darnell Nur